 Dungeon Crawl Stone Soup version 0.22-a0-136-g83a10e5 (webtiles) character file.

173 hpc the Cudgeler (level 5, 0/32 HPs)
             Began as a Gargoyle Fighter on Feb 2, 2018.
             Slain by Grinder (6 damage)
             ... on level 3 of the Dungeon.
             The game lasted 00:03:05 (2008 turns).

hpc the Cudgeler (Gargoyle Fighter)                 Turns: 2008, Time: 00:03:06

Health: 0/32       AC: 10    Str: 24    XL:     5   Next: 53%
Magic:  5/5        EV:  7    Int:  9    God:
Gold:   105        SH:  9    Dex: 10    Spells: 4/4 levels left

rFire    . . .     SeeInvis .   a - +0 flail
rCold    . . .     Gourm    .   c - +0 shield
rNeg     + . .     Faith    .   j - +0 scale mail
rPois    ∞         Spirit   .   (no helmet)
rElec    +         Reflect  .   (no cloak)
rCorr    .         Harm     .   (no gloves)
MR       .....                  (no boots)
Stlth    ..........             (no amulet)
HPRegen  0.10/turn              (no ring)
MPRegen  0.09/turn              (no ring)

@: mighty
A: negative energy resistance 1, electricity resistance, unbreathing,
petrification resistance, rot immunity, AC +4
a: no special abilities


You were on level 3 of the Dungeon.
You were not hungry.

You visited 1 branch of the dungeon, and saw 3 of its levels.

You collected 105 gold pieces.

Inventory:

Hand Weapons
 a - a +0 flail (weapon)
 n - a +0 mace
Armour
 c - a +0 shield (worn)
 j - a +0 scale mail (worn)
Scrolls
 e - 2 scrolls of remove curse {unknown}
 h - 3 scrolls of identify {unknown}
 i - 2 scrolls of enchant armour {unknown}
 l - a scroll of random uselessness {unknown}
 o - a scroll of fear {unknown}
 p - a scroll of blinking {unknown}
 q - a scroll of magic mapping {unknown}
Potions
 g - a potion of cancellation {unknown}
 k - 2 potions of ambrosia {unknown}
 m - a potion of heal wounds {unknown}
 r - 2 potions of degeneration {unknown}
Comestibles
 b - 6 chunks of flesh
 f - 4 rations


   Skills:
 - Level 3.2 Fighting
 + Level 5.6 Maces & Flails
 - Level 3.2 Armour
 - Level 3.2 Shields


You had 4 spell levels left.
You didn't know any spells.

Dungeon Overview and Level Annotations

Branches:
Dungeon (3/15)

Altars:

Annotations:
D:2 1 runed door
D:3 Grinder


Innate Abilities, Weirdness & Mutations

You are resistant to torment.
Your stone body is resilient. (AC +4)
You are immune to poison.
You resist negative energy. (rN+)
You are resistant to electric shocks. (rElec)
You can survive without breathing.
You are immune to petrification.
You are immune to rotting.


Message History

Your shield and scale mail prevent you from hitting Grinder.
Grinder is moderately wounded.
Grinder blinks!
The leopard gecko bites you. Grinder gestures at you.
Pain shoots through your body!
The leopard gecko bites you but does no damage.
Grinder hits you but does no damage.
You feel very mighty all of a sudden. You block the leopard gecko's attack.
Grinder hits you.
You writhe in agony.
Your shield prevents you from hitting Grinder.
Grinder is moderately wounded.
The leopard gecko bites you but does no damage.
Grinder gestures at you. Pain shoots through your body!
* * * LOW HITPOINT WARNING * * *
The leopard gecko completely misses you.
You closely miss Grinder.
Grinder is moderately wounded.
Grinder hits you.
You die...

..#####..##
.##...##..#
#.....#..#
#.....'..#
#...).#..# .
##...##..#
#..#####..##
#.....l.##
##....@##
####5## #.
#. #. #. #.
#.


You could see Grinder and a leopard gecko.

Vanquished Creatures
  Jessica (D:3)
  Natasha (twice) (D:2)
  5 adders (D:2)
  A worm (D:3)
  A dart slug (D:1)
  A leopard gecko (D:3)
  A ball python (D:1)
  5 bats
  3 giant cockroaches
  5 goblins
  10 hobgoblins
  3 jackals
  A quokka (D:3)
  2 frilled lizards (D:2)
  2 kobolds
  4 rats
47 creatures vanquished.

Notes
Turn   | Place    | Note
-------+----------+-------------------------------------------
     0 | D:1      | hpc the Gargoyle Fighter began the quest for the Orb.
     0 | D:1      | Reached XP level 1. HP: 14/14 MP: 1/1
   232 | D:1      | Reached XP level 2. HP: 19/19 MP: 2/2
   488 | D:1      | Reached skill level 3 in Maces & Flails
   555 | D:1      | Reached XP level 3. HP: 18/23 MP: 3/3
  1154 | D:2      | Noticed Natasha
  1162 | D:2      | Killed Natasha
  1162 | D:2      | Reached skill level 4 in Maces & Flails
  1162 | D:2      | Reached XP level 4. HP: 27/28 MP: 4/4
  1264 | D:2      | Found a runed door.
  1474 | D:2      | Reached skill level 5 in Maces & Flails
  1712 | D:2      | Noticed Natasha
  1731 | D:2      | Killed Natasha
  1731 | D:2      | Reached XP level 5. HP: 20/32 MP: 5/5
  1972 | D:3      | Noticed Jessica
  1978 | D:3      | Killed Jessica
  1993 | D:3      | Noticed Grinder
  2008 | D:3      | Slain by Grinder

Vault maps used:
D:1:      evilmike_arrival_rings
D:2:      uniq_crazy_yiuf_cottage, uniq_natasha
D:3:      kennysheep_jessica_study, uniq_grinder

Skill      XL: |  1  2  3  4 |
---------------+-------------+-----
Maces & Flails | 3 4 5 |  5.6
Fighting       | |  3.2
Armour         | |  3.2
Shields        | |  3.2

Action                   |  1- 3 |  4- 6 || total
-------------------------+-------+-------++-------
Melee: Flail             |    93 |   100 ||   193
       Mace              |       |    20 ||    20
  Use: Potion            |       |     1 ||     1
  Eat: Chunk             |     1 |     3 ||     4
Armor: Scale mail        |    48 |    69 ||   117
Dodge: Dodged            |    17 |    38 ||    55
Block: Shield            |    46 |    67 ||   113

Table legend:
 A = Spawn XP
 B = Non-spawn XP
 C = Spawn XP percentage of total XP
 D = Spawn monster count
 E = Non-spawn monster count
 F = Spawn count percentage of total count
 G = Total turns spent on level
                    A         B        C        D         E        F      G
               +---------+---------+-------+---------+---------+-------+---------
         Total |       0 |     248 |   0.0 |       0 |      47 |   0.0 |  2008
               +---------+---------+-------+---------+---------+-------+---------
           D:1 |       0 |      42 |   0.0 |       0 |      22 |   0.0 |  1114
           D:2 |       0 |     155 |   0.0 |       0 |      19 |   0.0 |   767
           D:3 |       0 |      51 |   0.0 |       0 |       6 |   0.0 |   127
               +---------+---------+-------+---------+---------+-------+---------
